Cogmind - Beta 10.1 @@@ ROGUE MODE // 2020.10.08 @ 09:41:10 Player: BOTHUNTER Result: Destroyed by D-53 Grenadier with Mini Grenade Launcher Performance ------------- Evolutions (1) 500 Regions Visited (4) 800 Robots Destroyed (48) 240 Value Destroyed (1050) 1050 Prototype IDs (0) 0 Alien Tech Used (0) 0 Bonus (4) 4 TOTAL SCORE: 2594 Bonus ------- High Alert Combat Kills 4 Cogmind --------- Core Integrity 0/400 Matter 300/300 Energy 100/100 System Corruption 1% Temperature Cool (0) Movement Core (150) Ox2 Location -9/Mines Parts ------- > --- POWER (1) -------- (None) > --- PROPULSION (2) --- (None) > --- UTILITY (4) ------ Heat Sink Medium Storage Unit Hacking Suite > --- WEAPON (2) ------- (None) > --- INVENTORY (8) ---- Titanium Leg Titanium Leg Particle Charger Hacking Suite Hacking Suite Hacking Suite Flail Peak State ------------ > --- POWER ------------ Light Nuclear Core > --- PROPULSION ------- Titanium Leg Titanium Leg > --- UTILITY ---------- Improved Heat Sink Medium Storage Unit Hacking Suite Hacking Suite > --- WEAPON ----------- Heavy Particle Cannon Heavy Particle Cannon > --- INVENTORY -------- Titanium Leg Titanium Leg Particle Charger Particle Charger Hacking Suite Hacking Suite Heavy Particle Cannon Heavy Particle Cannon [Rating: 27] Favorites ----------- Power Light Ion Engine Engine Light Ion Engine Power Core Light Nuclear Core Propulsion Aluminum Leg Leg Aluminum Leg Hover Unit Airjet Utility Improved Heat Sink Device Improved Heat Sink Storage Medium Storage Unit Processor Signal Interpreter Hackware Hacking Suite Protection Medium Armor Plating Weapon Heavy Particle Cannon Energy Gun EM Pulse Gun Energy Cannon Heavy Particle Cannon Ballistic Gun Assault Rifle Build | -11 -10 -10 -9 -9 ------- Run | Scr Mat Min Mat Min Slots Evolved 2 | . . . 2 . Power . | . . . . . Propulsion . | . . . . . Utility 2 | . . . 2 . Weapon . | . . . . . Parts Attached 42 | 6 9 8 18 1 Power 3 | 1 . 1 1 . Engine 2 | 1 . 1 . . Core 1 | . . . 1 . Reactor . | . . . . . Propulsion 11 | 2 1 1 7 . Treads . | . . . . . Leg 9 | 2 1 1 5 . Wheel . | . . . . . Hover 2 | . . . 2 . Flight . | . . . . . Utility 13 | 1 4 1 6 1 Device 6 | . 2 . 3 1 Storage 3 | 1 1 1 . . Processor 1 | . 1 . . . Hackware 2 | . . . 2 . Protection 1 | . . . 1 . Artifact . | . . . . . Weapon 15 | 2 4 5 4 . Energy Gun 1 | . 1 . . . Energy Cannon 9 | . 2 3 4 . Ballistic Gun 5 | 2 1 2 . . Ballistic Cannon . | . . . . . Launcher . | . . . . . Special Weapon . | . . . . . Impact Weapon . | . . . . . Slashing Weapon . | . . . . . Piercing Weapon . | . . . . . Special Melee Weapon . | . . . . . Unidentified Prototypes . | . . . . . Parts Lost 12 | . 1 2 3 6 Power 2 | . . . 1 1 Propulsion 3 | . . 1 . 2 Utility 2 | . . . 1 1 Weapon 5 | . 1 1 1 2 Highest Loss Streak 6 | . 1 2 1 6 Average Slot Usage (%) 94 | . 95 97 94 89 Engine 7 | . 14 14 2 . Core 4 | . . . 7 10 Leg 24 | . 28 26 21 20 Device 10 | . 6 14 13 7 Storage 12 | . 14 13 11 11 Processor 1 | . 3 . . . Hackware 7 | . . . 14 14 Energy Gun 1 | . 2 . . . Energy Cannon 17 | . 15 11 21 17 Ballistic Gun 5 | . 9 16 . . Naked Turns . | . . . . . Heaviest Build 33 | 10 26 26 32 33 Greatest Support 34 | 20 20 20 34 34 Greatest Overweight (x) 2 | . 1 1 2 2 Average Overweight (x) . | . . . . . Largest Inventory Capacity 10 | 6 10 10 8 8 Average Capacity 8 | 5 8 9 8 8 Most Carried 10 | 2 10 10 8 7 Average Carried 6 | . 6 8 7 7 Final Capacity 10 | 6 10 8 8 8 Final Carried 10 | 2 10 6 7 7 Class Distribution -------------------- 67% | Mutant 32% | Hacker-Mutant Dominant Class ---------------- Mutant | -10/Materials Mutant | -10/Mines Hacker-Mutant | -9/Materials Mutant | -9/Mines Resources | -11 -10 -10 -9 -9 ----------- Run | Scr Mat Min Mat Min Matter Collected 698 | 201 222 60 215 . Remotely . | . . . . . Salvage Created 1373 | . 422 . 909 42 Parts 98 | . 27 . 67 4 Haulers Intercepted 2 | . 1 . 1 . Recyclers Shooed 1 | . . 1 . . Parts Field Recycled . | . . . . . Retrieved Matter . | . . . . . Parts Self-Destructed . | . . . . . Prevented . | . . . . . Kills | -11 -10 -10 -9 -9 ------- Run | Scr Mat Min Mat Min Combat Hostiles Destroyed 29 | . 7 . 21 1 Guns 4 | . 4 . . . Cannons 24 | . 2 . 21 1 AOE 1 | . 1 . . . Classes Destroyed 8 | . 5 . 3 . Worker 5 | . 1 . 4 . Builder 3 | . . . 3 . Hauler 2 | . 1 . 1 . Operator 3 | . 1 . 2 . Watcher 6 | . 1 . 5 . Swarmer 11 | . . . 11 . Grunt 14 | . 7 . 6 1 Sentry 4 | . . . 4 . Best Kill Streak 9 | . 3 . 9 1 Combat Bots Only 4 | . 2 . 4 1 Max Kills in Single Turn 4 | . 1 . 4 1 Gunslinging . | . . . . . Exploded 1 | . 1 . . . Melee . | . . . . . Uniques/NPCs Destroyed . | . . . . . Combat | -11 -10 -10 -9 -9 -------- Run | Scr Mat Min Mat Min Damage Taken 2081 | . 214 258 727 882 Core 486 | . 24 28 134 300 Absorbed by Shields . | . . . . . Core Remaining (%) 89 | 100 . 79 . . Volleys Fired 115 | . 33 1 74 7 Largest 2 | . 2 2 2 2 Hottest 150 | . 120 83 150 150 Shots Fired 216 | . 66 2 139 9 Gun 59 | . 54 1 4 . Cannon 157 | . 12 1 135 9 Launcher . | . . . . . Special . | . . . . . Kinetic 49 | . 44 1 4 . Thermal 157 | . 12 1 135 9 Explosive . | . . . . . Electromagnetic 10 | . 10 . . . Robot Hit Streak 9 | . 8 . 9 4 Robot Miss Streak 7 | . 6 2 7 1 Penetration Max . | . . . . . Secondary Targets . | . . . . . Shots Hit Robots 109 | . 34 . 68 7 Core Hits 58 | . 17 1 38 2 Critical Hits 1 | . . . 1 . Critical Kills 1 | . . . 1 . Critical Parts Destroyed . | . . . . . Melee Attacks . | . . . . . Impact . | . . . . . Slashing . | . . . . . Piercing . | . . . . . Sneak Attacks . | . . . . . Combat Hostiles . | . . . . . Follow-up Attacks . | . . . . . Damage Inflicted 2931 | . 624 13 2088 206 Guns 368 | . 323 13 32 . Cannons 2005 | . 105 . 1694 206 Explosions 547 | . 196 . 351 . Melee . | . . . . . Ramming 11 | . . . 11 . Kinetic 330 | . 285 13 32 . Thermal 2201 | . 301 . 1694 206 Explosive 351 | . . . 351 . Electromagnetic 38 | . 38 . . . Impact . | . . . . . Slashing . | . . . . . Piercing . | . . . . . Highest Corruption 3 | . . 3 1 1 Average Corruption 1 | . . 3 1 1 Corruption Purged . | . . . . . Effects 5 | . . 2 2 1 Message Errors 3 | . . 2 1 . Targeting Errors 2 | . . . 1 1 Overload Shots . | . . . . . Overflow Damage 52 | . . . 33 19 Projectiles 46 | . . . 27 19 Explosions 6 | . . . 6 . Melee . | . . . . . Knockbacks . | . . . . . Impact . | . . . . . Kinetic . | . . . . . Secondary . | . . . . . Self-Inflicted Damage 38 | . . . 38 . Shots 1 | . . . 1 . Rammed 1 | . . . 1 . Targets Rammed 2 | . . . 2 . Kicked 1 | . . . 1 . Crushed . | . . . . . Highest Temperature 237 | . 90 . 237 213 Average Temperature 71 | . 28 . 73 101 Received Heat Transfer 330 | . 120 . 153 57 Siege Activations . | . . . . . Robots Corrupted . | . . . . . Combat Hostiles . | . . . . . Parts Fried . | . . . . . Impact Corruptions . | . . . . . Robots Melted . | . . . . . Combat Hostiles . | . . . . . Parts Melted 2 | . . . 2 . Heat Transferred 3060 | . 322 . 2442 296 Parts Sabotaged . | . . . . . Parts Stolen . | . . . . . Parts Stripped . | . . . . . Power Chain Reactions . | . . . . . Missiles Intercepted . | . . . . . Alert | -11 -10 -10 -9 -9 ------- Run | Scr Mat Min Mat Min Peak Influence 428 | . 244 48 428 108 Initial 88 | . . 48 10 88 Average 142 | . 122 44 195 93 Maximum Alert Level 2 | . 1 . 2 . Low Security (%) 71 | 100 81 100 52 100 Level 1 26 | . 18 . 43 . Level 2 1 | . . . 4 . Level 3 . | . . . . . Level 4 . | . . . . . Level 5 . | . . . . . High Security . | . . . . . Max Security . | . . . . . Squads Dispatched 5 | . 2 . 3 . Investigation 2 | . 1 . 1 . Extermination . | . . . . . Reinforcement 3 | . 1 . 2 . Assault . | . . . . . Garrison . | . . . . . Intercept . | . . . . . Construction Impeded . | . . . . . Haulers Reinforced . | . . . . . Stealth | -11 -10 -10 -9 -9 --------- Run | Scr Mat Min Mat Min Distress Signals 3 | . 1 . 2 . Communications Jammed . | . . . . . Distress Signals . | . . . . . Times Spotted 59 | . 14 . 40 5 Peak Tracking Total 4 | . 3 . 4 2 Tactical Retreats 6 | . 1 . 3 2 Traps | -11 -10 -10 -9 -9 ------- Run | Scr Mat Min Mat Min Traps Triggered 1 | . . 1 . . Indirectly . | . . . . . Trap Hack Attempts . | . . . . . Triggered . | . . . . . Disarmed . | . . . . . Reprogrammed . | . . . . . Reused . | . . . . . Traps Extracted . | . . . . . Installed . | . . . . . Triggered . | . . . . . Machines | -11 -10 -10 -9 -9 ---------- Run | Scr Mat Min Mat Min Machines Disabled 9 | . 4 . 5 . Max in Single Turn 2 | . 2 . 2 . Machines Sabotaged . | . . . . . Garrisons Compromised . | . . . . . Overloaded Fab Kills . | . . . . . Fab Network Shutdowns . | . . . . . Hacking | -11 -10 -10 -9 -9 --------- Run | Scr Mat Min Mat Min Machines Accessed 12 | . 5 . 7 . Terminals 10 | . 5 . 5 . Fabricators . | . . . . . Repair Stations 1 | . . . 1 . Recycling Units . | . . . . . Scanalyzers 1 | . . . 1 . Garrison Access . | . . . . . Total Hacks 45 | . 17 . 28 . Successful 27 | . 8 . 19 . Failed 17 | . 8 . 9 . Catastrophic 1 | . 1 . . . Database Lockouts 1 | . 1 . . . Manual 29 | . 14 . 15 . Terminals 37 | . 17 . 20 . Fabricators . | . . . . . Repair Stations 3 | . . . 3 . Recycling Units . | . . . . . Scanalyzers 5 | . . . 5 . Garrison Access . | . . . . . Terminal Hacks 13 | . 4 . 9 . Robot Analysis 3 | . 1 . 2 . Level Access Points 1 | . . . 1 . Branch Access Points 1 | . . . 1 . Terminal Index 1 | . . . 1 . Scanalyzer Index 1 | . 1 . . . Unreport Threat 2 | . . . 2 . Locate Traps 1 | . . . 1 . Dispatch Records 1 | . 1 . . . Recall Reinforcements 1 | . 1 . . . Zone Layout 1 | . . . 1 . Fabricator Hacks . | . . . . . Repair Station Hacks 2 | . . . 2 . Scan Component 1 | . . . 1 . Repair 1 | . . . 1 . Recycling Unit Hacks . | . . . . . Scanalyzer 4 | . . . 4 . Insert Component 2 | . . . 2 . Analyze 2 | . . . 2 . Garrison Access Hacks . | . . . . . Unauthorized Hacks 8 | . 4 . 4 . Terminals 8 | . 4 . 4 . Track 3 | . 1 . 2 . Botnet 4 | . 2 . 2 . Detonate 1 | . 1 . . . Fabricators . | . . . . . Repair Stations . | . . . . . Recycling Units . | . . . . . Scanalyzers . | . . . . . Garrison Access . | . . . . . Data Cores Recovered . | . . . . . Used . | . . . . . Hacking Detections 11 | . 4 . 7 . Full Trace Events 5 | . 2 . 3 . Feedback Events 1 | . . . 1 . Corruption 1 | . . . 1 . Feedback Blocked . | . . . . . Robot Schematics Acquired . | . . . . . Robots Built . | . . . . . Matter . | . . . . . Time . | . . . . . Total Robot Build Rating . | . . . . . Part Schematics Acquired 2 | . . . 2 . Parts Built . | . . . . . Matter . | . . . . . Time . | . . . . . Total Part Build Rating . | . . . . . Parts Repaired 1 | . . . 1 . Time 19 | . . . 19 . Parts Recycled . | . . . . . Recycled Matter . | . . . . . Retrieved Matter . | . . . . . Retrieved Components . | . . . . . Parts Scanalyzed 2 | . . . 2 . Part Schematics Acquired 2 | . . . 2 . Parts Damaged . | . . . . . Bothacking | -11 -10 -10 -9 -9 ------------ Run | Scr Mat Min Mat Min Used RIF Installer . | . . . . . Robots Hacked . | . . . . . Non-combat . | . . . . . Combat . | . . . . . Robot Hacks Applied . | . . . . . Relay Couplers Released . | . . . . . Robots Rewired . | . . . . . Allies Hacked . | . . . . . Hacks Repelled . | . . . . . Allies | -11 -10 -10 -9 -9 -------- Run | Scr Mat Min Mat Min Total Allies . | . . . . . Largest Group . | . . . . . Highest-Rated Group . | . . . . . Highest-Rated Ally . | . . . . . Total Orders . | . . . . . Ally Attacks . | . . . . . Total Damage . | . . . . . Kills . | . . . . . Allies Corrupted . | . . . . . Allies Melted . | . . . . . Intel | -11 -10 -10 -9 -9 ------- Run | Scr Mat Min Mat Min Robot Analysis Total 3 | . 1 . 2 . Derelict Logs Recovered . | . . . . . Drone Launches . | . . . . . Drone Recoveries . | . . . . . Exploration | -11 -10 -10 -9 -9 ------------- Run | Scr Mat Min Mat Min Turns Passed 2016 | 76 702 195 923 120 Spaces Moved 1079 | 62 365 127 449 76 Core 17 | 13 . . . 4 Treads . | . . . . . Legs 1045 | 49 365 127 432 72 Wheels . | . . . . . Hover 17 | . . . 17 . Flight . | . . . . . Fastest Speed 50 | 50 120 120 116 130 Average Speed 132 | 105 138 136 128 132 Slowest Speed 180 | 120 150 150 180 160 Overloaded Moves . | . . . . . Propulsion Burnouts . | . . . . . Robots Hopped . | . . . . . Cave-ins Triggered . | . . . . . Exploration Rate (%) 32 | 4 57 34 44 24 Regions Visited 4 Branch Regions 2 Pre-discovered Areas . | . . . . . Known Exits Taken 2 | . 1 . 1 . Unknown Exits Taken 2 | 1 . 1 . . Scrap Searched 2 | . . 1 . 1 Spaces Dug 2 | . . . 2 . Terrain Destroyed 105 | . 26 . 78 1 Melee . | . . . . . Projectile 59 | . . . 58 1 AOE 46 | . 26 . 20 . Terrain Rammed . | . . . . . Walls Destroyed . | . . . . . Machines Disabled . | . . . . . Actions | -11 -10 -10 -9 -9 --------- Run | Scr Mat Min Mat Min Total 1460 | 69 501 145 658 87 Wait 163 | . 71 3 87 2 Move 1075 | 61 364 126 448 76 Hop . | . . . . . Pick Up 32 | 2 15 4 11 . Fast Attach 23 | 6 3 3 10 1 Attach 10 | . 3 2 5 . Detach 1 | . . . 1 . Swap 9 | . 3 3 3 . Drop 30 | . 9 3 17 1 Fire 115 | . 33 1 74 7 Melee . | . . . . . Ram . | . . . . . Kick 2 | . . . 2 . Crush . | . . . . . Escape Stasis . | . . . . . Rewire . | . . . . . Trap . | . . . . . Miscellaneous . | . . . . . Route ------- -11/Scrapyard -10/Materials (discovered 3 exits: *Mat / *Min x2) -10/Mines -9/Materials (discovered 5 exits: Mat x3 / *Min x2) -9/Mines History --------- Turn | Location | Event 3 | -11/Scrapyard | Discovered new exit (range 15) 77 | -11/Scrapyard | Entered Materials 138 | -10/Materials | Discovered new exit (range 15) 260 | -10/Materials | Central database locked down 314 | -10/Materials | Build established: Mutant 398 | -10/Materials | Discovered new exit (range 10) 410 | -10/Materials | Identified exit to Mines 515 | -10/Materials | Discovered new exit (range 15) 779 | -10/Materials | Entered Mines 960 | -10/Mines | Discovered new exit (range 15) 974 | -10/Mines | Entered Materials 974 | -9/Materials | Evolved 2 slots: Utility x2 1589 | -9/Materials | Build established: Hacker-Mutant 1636 | -9/Materials | Repaired Titanium Leg 1773 | -9/Materials | Identified exit to Materials 1773 | -9/Materials | Identified exit to Mines 1897 | -9/Materials | Entered Mines 1953 | -9/Mines | Assembled infested the area 1998 | -9/Mines | Core integrity fell below 50% 2013 | -9/Mines | Core integrity fell below 20% 2017 | -9/Mines | Destroyed by D-53 Grenadier with Mini Grenade Launcher Last Messages --------------- 01925_ Found Signal Interpreter. 01925_ Found Spread Laser. 01925_ Found 36 Matter. 01926_ G-34 Mercenary destroyed. 01936_ Discarded Hacking Suite. 01937_ Acquired Heat Sink. 01953_ ALERT: Infestation in the mines, dispatching Demolisher response squad. 01979_ C-30 ARC bursts open, deploying its payload. 01979_ D-53 Grenadier unfolds itself. 01983_ U-05 Engineer lays Concrete. 01988_ Med. Armor Plating destroyed. 01989_ Hvy. Particle Cannon destroyed. 01991_ Titanium Leg destroyed. 01992_ The unstable cave ceiling collapses. 01998_ Hvy. Particle Cannon destroyed. 02001_ The unstable cave ceiling collapses. 02007_ Lgt. Nuclear Core destroyed. 02011_ Titanium Leg destroyed. 02012_ U-05 Engineer lays Concrete. 02013_ The unstable cave ceiling collapses. Map ----- +----------------------------------------------------+ | ???## ## #???????????????????????????????????? | | ???# # #???????????????????????????????????? | | ???# # #???????????????????????????????????? | | #?## #????####???????????????????????????? | | ## ###?# ##??????????????????????????? | | ## #??????????????????????????? | | #??????????????????????????? | | # "#???????????????????????????? | | # "%##### ??????????????????????? | | # " ?????????????????????? | | ## ### ######??????????????????????? | | ?### =##?## ##???????????????????????????? | | ???##%#???# #????????????????????????????? | | #####*#???## #????????????????????????????? | | ##=#????## ## #?????????????????????????? | | ## ####### #?????????????????????????? | | ![! ## #####?????????????????????????? | | !% ##??####???????????????????????? | | ###### #??## ##??????????????????????? | | ####????# #### ##?????????????????????? | | ????????## ## $ #?????????????????????? | | ?????????## # ###???????????????????? | | ??????????## #???????????????????? | | ??????????# #???????????????????? | | ???????????# ## ##??????????????????? | | ???????????## ## @ #??????????????????? | | ???????????# #??????????????????? | | ????????????# #??????????????????? | | ???????????## #??????????????????? | | ???????????# d ##??????????????????? | | ???????????## #???????????????????? | | ????????????## ##???????????????????? | | ?????????????# d # ##????????????????????? | | ?????????????## ##?????????????????????? | | ??????????????# ## #??????????????????????? | | ??????????????## ####??????????????????????? | | ???????????????## # # ##?????????????????????????? | | | | | | | | | | | | | | | | | | | | | | | | | | | +----------------------------------------------------+ Best States ------------- Heat Dissipation 42 Energy Generation 14 Energy Capacity 160 Matter Stores 300 Matter Capacity 300 Sight Range 16 Terrain Scan Density 10 Armor Coverage 225 Evasion (%) 50 Particle Charging 15 Offensive Hacking 20 Item Schematics ----------------- Hacking Suite | -9/Materials | Scanalyzed Titanium Leg | -9/Materials | Scanalyzed Robot Schematics ------------------ None Fabricated ------------ Nothing Alien Tech Used ----------------- None Achievements -------------- None Challenges ------------ None Game ------ Seed SegregatorFissionDevice Manual? 0 Play Time 00:27:08 Cumulative 119.5 hours Start 2020.10.08 @ 09:14:27 End 2020.10.08 @ 09:41:10 Sessions 1 Manual Loads 0 Difficulty Rogue Special Mode None Game No. 176 Rogue 152 Adventurer 22 Explorer 2 Win Type - Total 1 Types 1/0/0/0/0/0/0/0/0 Lore% 51 Gallery% 55 Achievement% 44 Wizard Run 0 Options --------- ASCII 0 Keyboard 1 Movement Numpad Keybinds 0 Fullscreen 1 Font 14/SmallcapsGlow Map View 84x54 Tactical HUD 1 Map Filters NONE Filters NONE Steam 1 RUN: 71835553-9dc7-4144-8a11-36ca815b44fc